 Dungeon Crawl Stone Soup version 0.16.1-30-g34a7ffa (webtiles) character file.

14988 Jb9000 the Covert (level 12, 0/72 HPs)
             Began as a Gargoyle Fighter on June 30, 2015.
             Was the Champion of Okawaru.
             Slain by an eight-headed hydra (2 damage)
             ... on level 12 of the Dungeon on July 1, 2015.
             The game lasted 01:34:33 (14017 turns).

Jb9000 the Covert (Gargoyle Fighter)               Turns: 14017, Time: 01:34:35

Health: 0/72       AC: 16    Str: 19    XL:     12   Next: 22%
Magic:  21/21      EV: 14    Int: 13    God:    Okawaru [******]
Gold:   617        SH:  0    Dex: 11    Spells: 3 memorised, 15 levels left

rFire  + . .     SeeInvis .     U - +6 triple crossbow "Beastbane" {penet, +Blink +Fly rPois MR-}
rCold  . . .     Clarity  .     M - +2 robe of the Ant {rF+ MR++ Str-2 Int+2 Slay+3}
rNeg   + . .     SustAb   +     (no shield)
rPois  ∞         Gourm    .     (no helmet)
rElec  +         Spirit   .     a - +2 cloak {MR+}
rCorr  .         Warding  .     (no gloves)
rMut   .         Stasis   .     (no boots)
MR     ++...                    (no amulet)
Stlth  +++++.....               k - ring of sustain abilities
                                P - ring of stealth

@: very resistant to hostile enchantments, quite stealthy
A: low mp 1, negative energy resistance 1, electricity resistance, unbreathing,
petrification resistance, rot immunity, AC +8
a: Heroism, Finesse, Renounce Religion, Evoke Blink, Evoke Flight


You were on level 12 of the Dungeon.
You worshipped Okawaru.
Okawaru was exalted by your worship.
You were not hungry.

You visited 1 branch of the dungeon, and saw 12 of its levels.

You collected 617 gold pieces.

Inventory:

Hand weapons
 h - a +3 short sword of protection
 x - a +0 hand crossbow
 H - a +0 blowgun
 K - a cursed -3 morningstar
 R - a +3 hunting sling of flaming
 T - a +1 whip of flaming
 U - the +6 triple crossbow "Beastbane" (weapon) {penet, +Blink +Fly rPois MR-}
   (You acquired it on level 8 of the Dungeon)

   Ammo fired by it will pass through the targets it hits, potentially hitting
   all targets in its path until it reaches maximum range.
   It protects you from poison.
   It affects your resistance to hostile enchantments.
   It lets you fly.
   It lets you blink.
 X - the -1 longbow "Yloi" {venom, -Tele rF++ MP+9 Stlth+}
   (Okawaru gifted it to you on level 9 of the Dungeon)

   It poisons the ammo it fires.
   It greatly protects you from fire.
   It affects your magic capacity (+9).
   It prevents most forms of teleportation.
   It makes you more stealthy.
Missiles
 c - 5 tomahawks of returning
 l - a throwing net
 m - 45 bolts (quivered)
 n - 3 bolts of frost
 q - 19 arrows of flame
 v - 19 tomahawks
 y - 13 silver bolts
 I - 17 poisoned needles
 N - 15 steel bolts
 V - 13 poisoned arrows
Armour
 a - a +2 cloak of magic resistance (worn)
 b - a +0 scale mail
 u - a +4 large shield
 M - the +2 robe of the Ant (worn) {rF+ MR++ Str-2 Int+2 Slay+3}
   (You found it on level 6 of the Dungeon)

   It affects your strength (-2).
   It affects your intelligence (+2).
   It affects your accuracy and damage with ranged weapons and melee attacks
   (+3).
   It protects you from fire.
   It affects your resistance to hostile enchantments.
Jewellery
 d - an uncursed ring of fire
 i - an uncursed amulet of clarity
 k - a ring of sustain abilities (right hand)
 z - an uncursed amulet of resist corrosion
 D - an uncursed ring of see invisible
 P - a ring of stealth (left hand)
Magical devices
 f - a wand of random effects (30)
 g - a wand of frost (20)
 o - a wand of paralysis (15)
 r - a wand of confusion (16)
 G - a wand of cold (10)
 Y - a wand of frost (30)
Scrolls
 p - a scroll of amnesia
 w - 3 scrolls of magic mapping
 B - 2 scrolls of recharging
 C - a scroll of fear
 J - 3 scrolls of teleportation
 L - a scroll of blinking
 O - a scroll of identify
 Q - 2 scrolls of immolation
Potions
 e - 2 potions of might
 s - a potion of resistance
 F - 3 potions of invisibility
 S - a potion of ambrosia {unknown}
Books
 E - an Akashic Record {highlevel, unknown}

   This book is beyond your current level of understanding.

   Spells                             Type                      Level
   a - Dispersal                      Translocation                6
   b - Controlled Blink               Translocation                7
   c - Malign Gateway                 Summoning/Translocation      7
   d - Disjunction                    Translocation                8
   e - Singularity                    Translocation                9
 Z - a book of Debilitation

   Spells                             Type                      Level
   a - Corona                         Hexes                        1
   b - Slow                           Hexes                        2
   c - Inner Flame                    Hexes/Fire                   3
   d - Enslavement                    Hexes                        4
   e - Cause Fear                     Hexes                        4
   f - Leda's Liquefaction            Hexes/Earth                  4
Comestibles
 j - 5 meat rations
 A - 8 bread rations


   Skills:
 + Level 7.1 Fighting
 + Level 6.1 Short Blades
 - Level 2.0 Maces & Flails
 + Level 5.5 Crossbows
 - Level 3.2 Throwing
 + Level 7.8 Armour
 + Level 5.0 Dodging
 + Level 8.1 Stealth
 - Level 6.6 Shields
 + Level 5.2 Spellcasting
 + Level 3.2 Hexes
 + Level 3.2 Fire Magic
 - Level 4.4 Invocations
 + Level 4.8 Evocations


You had 15 spell levels left.
You knew the following spells:

 Your Spells              Type           Power        Failure   Level  Hunger
a - Corona                Hex            ##.....      6%          1    None
b - Slow                  Hex            ##......     10%         2    ##.....
c - Inner Flame           Hex/Fire       ##......     14%         3    ###....


Dungeon Overview and Level Annotations

Branches:
Dungeon (12/15)            Temple (0/1) D:6            Lair (0/8) D:10
    Orc (0/4) D:11

Altars:
Ashenzari
Dithmenos
Elyvilon
Kikubaaqudgha
Makhleb
Okawaru
Qazlal
Ru
Trog
Yredelemnul
Zin
The Shining One


Innate Abilities, Weirdness & Mutations

You are resistant to torment.
You are immune to poison.
Your stone body is very resilient (AC +8).
You resist negative energy.
You are resistant to electric shocks.
You can survive without breathing.
You are immune to petrification.
You are immune to rotting.
Your magical capacity is low (-10% MP).


Message History

You shoot a bolt.
The bolt barely misses the eight-headed hydra.
The eight-headed hydra bites you but does no damage.
The eight-headed hydra closely misses you.
The eight-headed hydra bites you but does no damage. x2
The eight-headed hydra bites you. The eight-headed hydra misses you.
The eight-headed hydra bites you but does no damage.
The eight-headed hydra bites you.
* * * LOW HITPOINT WARNING * * *
The eight-headed hydra bites you.
* * * LOW HITPOINT WARNING * * *
The eight-headed hydra bites you!
* * * LOW HITPOINT WARNING * * *
The eight-headed hydra bites you.
* * * LOW HITPOINT WARNING * * *
The eight-headed hydra bites you.
* * * LOW HITPOINT WARNING * * *
The eight-headed hydra bites you but does no damage. x4
The eight-headed hydra bites you.
You die...

### #.## ## ####.#
#. ##.##.## #.#
##.......
#..#########........
#........#.........
#.....##...........
##@.#####..........
#D## #..........
#..# #..........
..... #..........
........ #..........
..........#
#..........
..........
#..........
.....(....
#..........
..#.#.#.# #.......
..


You could see an eight-headed hydra.

Vanquished Creatures
  A hydra (D:11)
  3 hill giants
  Pikel (D:8)
  2 ugly things (D:11)
  A manticore (D:11)
  A centaur zombie (D:12)
  Joseph (D:7)
  A gargoyle (D:10)
  Grinder (D:4)
  Prince Ribbit (D:6)
  3 basilisks (D:10)
  Eustachio (D:7)
  3 hungry ghosts
  11 yaks
  2 hippogriffs
  A steam dragon (D:11)
  Edmund (D:4)
  A slave (D:8)
  A black bear (D:8)
  A necrophage (D:8)
  8 orc warriors
  An eye of draining (D:12)
  4 porcupines (D:10)
  4 sky beasts
  5 phantoms
  4 ogres
  2 centaurs
  An ice beast (D:9)
  3 crocodiles (D:10)
  Sigmund (D:7)
  A brain worm (D:11)
  A gnoll sergeant (D:5)
  2 big kobolds (D:10)
  6 giant frogs
  A water moccasin zombie (D:7)
  2 scorpions
  9 wights
  9 killer bees
  2 giant frog zombies
  4 electric eels (D:6)
  4 hounds
  5 crimson imps
  A goliath beetle (D:6)
  4 giant frog skeletons
  An iron imp (D:7)
  8 iguanas
  3 jellies
  2 orc priests
  12 orc wizards
  2 centaur skeletons
  3 worker ants
  4 sheep (D:10)
  Ijyb (D:4)
  2 hound zombies
  A mummy (D:7)
  2 worker ant zombies
  8 gnolls (D:5)
  11 adders
  5 river rats
  5 shadow imps
  2 giant mites
  3 worms
  2 ufetubi (D:7)
  An adder skeleton (D:7)
  2 adder zombies
  2 oozes
  62 orcs
  2 ball pythons
  27 bats
  8 giant cockroaches
  22 goblins
  13 hobgoblins
  8 jackals
  35 kobolds
  11 giant geckos
  4 giant newts
  2 giant spores (D:8)
  6 quokkas
  A quokka skeleton (D:5)
  16 rats
  19 ballistomycetes
  5 plants
445 creatures vanquished.

Vanquished Creatures (others)
  A centaur (D:8)
  A giant frog skeleton (D:8)
  An orc (D:8)
  A bat (D:8)
  5 giant spores
9 creatures vanquished.

Grand Total: 454 creatures vanquished

Notes
Turn   | Place    | Note
--------------------------------------------------------------
     0 | D:1      | Jb9000, the Gargoyle Fighter, began the quest for the Orb.
     0 | D:1      | Reached XP level 1. HP: 14/14 MP: 1/1
   101 | D:1      | Reached XP level 2. HP: 19/19 MP: 2/2
   368 | D:1      | Reached skill level 1 in Stealth
   429 | D:1      | Reached XP level 3. HP: 20/23 MP: 3/3
   917 | D:2      | Reached skill level 1 in Short Blades
   930 | D:2      | Reached XP level 4. HP: 20/29 MP: 4/4
  1623 | D:3      | Found an iron altar of Okawaru.
  1623 | D:3      | Found a burning altar of Makhleb.
  1629 | D:3      | Found a bloodstained altar of Trog.
  1630 | D:3      | Found a shattered altar of Ashenzari.
  1631 | D:3      | Found a glowing silver altar of Zin.
  1641 | D:3      | Became a worshipper of Warmaster Okawaru
  1769 | D:3      | Reached skill level 1 in Dodging
  1769 | D:3      | Reached XP level 5. HP: 31/33 MP: 5/5
  1811 | D:3      | Reached skill level 1 in Spellcasting
  2261 | D:4      | Noticed a phantom
  2330 | D:4      | Killed a phantom
  2330 | D:4      | Reached skill level 4 in Armour
  2330 | D:4      | Reached XP level 6. HP: 35/38 MP: 8/8
  2345 | D:4      | Acquired Okawaru's first power
  2543 | D:4      | Noticed Ijyb
  2579 | D:4      | Killed Ijyb
  2609 | D:4      | Found a glowing golden altar of the Shining One.
  2630 | D:4      | Reached skill level 1 in Throwing
  3056 | D:4      | Reached XP level 7. HP: 40/43 MP: 10/10
  3145 | D:4      | Noticed Edmund
  3163 | D:4      | Killed Edmund
  3299 | D:4      | Noticed Grinder
  3314 | D:4      | Paralysed by Grinder for 7 turns
  3337 | D:4      | Killed Grinder
  3824 | D:5      | Entered Level 5 of the Dungeon
  3986 | D:5      | Reached XP level 8. HP: 48/48 MP: 13/13
  4130 | D:5      | Reached skill level 1 in Crossbows
  4962 | D:5      | Reached skill level 5 in Stealth
  4970 | D:5      | Reached skill level 5 in Armour
  5446 | D:6      | Reached skill level 1 in Evocations
  5688 | D:6      | Reached skill level 5 in Fighting
  5689 | D:6      | Found a stormy altar of Qazlal.
  5693 | D:6      | Found a staircase to the Ecumenical Temple.
  5721 | D:6      | Noticed Prince Ribbit
  5778 | D:6      | Got a transparent robe
  5789 | D:6      | Identified the +2 robe of the Ant {rF+ MR++ Str-2 Int+2 Slay+3} (You found it on level 6 of the Dungeon)
  5793 | D:6      | Reached XP level 9. HP: 54/54 MP: 15/15
  6043 | D:6      | Received a gift from Okawaru
  6043 | D:6      | Reached skill level 5 in Shields
  6043 | D:6      | Reached skill level 1 in Invocations
  6237 | D:6      | Killed Prince Ribbit
  6752 | D:6      | Gained mutation: Your magical capacity is low (-10% MP). [mutagenic meat]
  6919 | D:6      | Reached skill level 6 in Stealth
  7005 | D:7      | Reached XP level 10. HP: 35/60 MP: 17/17
  7371 | D:7      | Acquired Okawaru's second power
  7434 | D:7      | Noticed Eustachio
  7568 | D:7      | Killed Eustachio
  7741 | D:7      | Noticed Joseph
  7759 | D:7      | Killed Joseph
  7768 | D:7      | Found an ancient bone altar of Kikubaaqudgha.
  8291 | D:7      | Received a gift from Okawaru
  8370 | D:7      | Noticed Sigmund
  8380 | D:7      | Killed Sigmund
  9162 | D:8      | Reached skill level 5 in Short Blades
  9185 | D:8      | Noticed Pikel
  9218 | D:8      | Killed Pikel
  9218 | D:8      | Reached skill level 7 in Stealth
  9276 | D:8      | Identified a scroll of acquirement
  9277 | D:8      | Got an ancient triple crossbow
  9284 | D:8      | Identified the +6 triple crossbow "Beastbane" {penet, +Blink +Fly rPois MR-} (You acquired it on level 8 of the Dungeon)
  9582 | D:8      | Reached XP level 11. HP: 30/66 MP: 19/19
  9710 | D:8      | You fall through a shaft!
  9869 | D:9      | Received a gift from Okawaru
  9870 | D:9      | Got a crude longbow {god gift}
  9871 | D:9      | Identified the -1 longbow "Yloi" {venom, -Tele rF++ MP+9 Stlth+} (Okawaru gifted it to you on level 9 of the Dungeon)
  9920 | D:9      | Found a basalt altar of Yredelemnul.
  9920 | D:9      | Found a sacrificial altar of Ru.
  9920 | D:9      | Found a white marble altar of Elyvilon.
  9994 | D:9      | Learned a level 1 spell: Corona
  9997 | D:9      | Learned a level 2 spell: Slow
 10001 | D:9      | Learned a level 3 spell: Inner Flame
 10108 | D:9      | Found an ancient bone altar of Kikubaaqudgha.
 10724 | D:10     | Entered Level 10 of the Dungeon
 10809 | D:10     | Reached skill level 1 in Hexes
 10830 | D:10     | Reached skill level 1 in Fire Magic
 10915 | D:10     | Found a staircase to the Lair.
 11443 | D:10     | Noticed a hill giant
 11451 | D:10     | Killed a hill giant
 12280 | D:11     | Reached skill level 5 in Crossbows
 12467 | D:11     | Found a staircase to the Orcish Mines.
 12557 | D:11     | Noticed a seven-headed hydra
 12587 | D:11     | Killed a seven-headed hydra
 12812 | D:11     | Received a gift from Okawaru
 12854 | D:11     | Found a shadowy altar of Dithmenos.
 13122 | D:11     | Reached skill level 5 in Spellcasting
 13122 | D:11     | Reached XP level 12. HP: 54/71 MP: 19/21
 13288 | D:11     | Noticed a hill giant
 13295 | D:11     | Reached skill level 8 in Stealth
 13301 | D:11     | Killed a hill giant
 13301 | D:11     | Reached skill level 5 in Dodging
 14010 | D:12     | Noticed an eight-headed hydra
 14017 | D:12     | HP: 2/72 [eight-headed hydra (2)]
 14017 | D:12     | Slain by an eight-headed hydra

Action                   |  1- 3 |  4- 6 |  7- 9 | 10-12 || total
-------------------------+-------+-------+-------+-------++-------
Melee: Flail             |    21 |       |       |       ||    21
       Short sword       |    77 |   342 |   641 |   581 ||  1641
 Fire: Hand crossbow     |       |       |   149 |    86 ||   235
       Triple crossbow   |       |       |       |   227 ||   227
Throw: Tomahawk          |       |     3 |     6 |       ||     9
 Cast: Corona            |       |       |       |     2 ||     2
Evoke: Wand              |       |       |     1 |     4 ||     5
  Use: Scroll            |     1 |     4 |    10 |     9 ||    24
       Potion            |       |     4 |     4 |     7 ||    15
 Stab: Invisible         |       |       |     6 |       ||     6
  Eat: Chunk             |       |     3 |     8 |     6 ||    17
       Beef jerky        |       |     1 |       |     8 ||     9
       Pizza             |       |     1 |       |       ||     1
       Fruit             |       |     2 |     4 |       ||     6
       Bread ration      |       |       |     1 |       ||     1
       Meat ration       |       |       |       |     1 ||     1
